 Dungeon Crawl Stone Soup version 0.28.0-45-g0d030f2227 (webtiles) character file.

Game seed: 15540155516184649208

2373 McKennaii the Skirmisher (level 9, -5/71 HPs)
             Began as a Demonspawn Fighter on Apr 7, 2022.
             Slain by an orc knight
             ... wielding a +0 halberd
              (11 damage)
             ... in a bailey.
             The game lasted 00:09:51 (6374 turns).

McKennaii the Skirmisher (Demonspawn Fighter)       Turns: 6374, Time: 00:09:52

Health: -5/71      AC: 21    Str: 25    XL:     9   Next: 21%
Magic:  0/9        EV:  9    Int: 10    God:
Gold:   328        SH:  5    Dex:  9    Spells: 8/8 levels left

rFire   . . .      SeeInvis .   t - +3 spear
rCold   . . .      Faith    .   c - +0 buckler
rNeg    . . .      Spirit   +   n - +6 scale mail of Intercession {Regen+ Str+5 Dex-4}
rPois   .          Reflect  .   r - +0 helmet
rElec   .          Harm     .   A - +1 cloak {Will+}
rCorr   .          Rampage  .   u - +0 pair of gloves
Will    +....                   (no boots)
Stlth   ..........              m - amulet of guardian spirit
HPRegen 1.01/turn               k - ring of flight
MPRegen 0.11/turn               (no ring)

@: brilliant, flying
A: claws 2, slimy green scales 2, demonic guardian 1, powered by death 1
a: no special abilities


You were in a bailey.
You visited 1 branch of the dungeon, and saw 7 of its levels.
You also visited: Bailey.

You collected 328 gold pieces.

Inventory:

Hand Weapons
 a - a +0 trident
 t - a +3 spear (weapon)
Armour
 c - a +0 buckler (worn)
 n - the +6 scale mail of Intercession (worn) {Regen+ Str+5 Dex-4}
   (You found it on level 2 of the Dungeon)

   Str:       It affects your strength (+5).
   Dex:       It affects your dexterity (-4).
   Regen:     It increases your rate of health regeneration.
 r - a +0 helmet (worn)
 u - a +0 pair of gloves (worn)
 w - a +0 plate armour
 A - a +1 cloak of willpower (worn)
Jewellery
 k - a ring of flight (left hand)
 m - an amulet of guardian spirit (around neck)
Wands
 q - a wand of digging (3)
 C - a wand of polymorph (6)
Scrolls
 b - 4 scrolls of immolation {unknown}
 f - 2 scrolls of silence {unknown}
 g - 2 scrolls of holy word {unknown}
 i - 4 scrolls of identify {unknown}
 j - a scroll of teleportation {unknown}
 p - a scroll of amnesia {unknown}
 s - a scroll of fear {unknown}
 y - a scroll of enchant weapon {unknown}
 D - a scroll of blinking {unknown}
 E - a scroll of magic mapping {unknown}
 F - a scroll of fog {unknown}
 G - a scroll of vulnerability {unknown}
Potions
 d - 3 potions of might
 e - a potion of ambrosia {unknown}
 h - 2 potions of curing {unknown}
 l - 5 potions of brilliance
 o - a potion of flight {unknown}
 v - 2 potions of heal wounds {unknown}
 x - 2 potions of magic {unknown}
 z - a potion of lignification {unknown}
 B - a potion of cancellation {unknown}
 H - 2 potions of resistance
 I - a potion of invisibility {unknown}
 J - 2 potions of haste {unknown}
 K - 2 potions of mutation {unknown}


   Skills:
 + Level 6.9 Fighting
 + Level 5.9 Polearms
 + Level 6.2 Armour
 + Level 6.2 Shields


You had 8 spell levels left.
You didn't know any spells.
Your spell library contained the following spells:

 Spells                   Type           Power      Damage    Failure   Level
 Scorch                   Fire           0%         2d5       85%         2
 Gell's Gravitas          Tloc           0%         N/A       97%         3
 Teleport Other           Tloc           0%         N/A       97%         3
 Flame Wave               Conj/Fire      0%         2d4       100%        4
 Dispersal                Tloc           0%         N/A       100%        6
 Summon Cactus Giant      Summ           0%         N/A       100%        6


Dungeon Overview and Level Annotations

Branches:
Dungeon (7/15)             Bailey (1/1)
 Temple: D:4-7

Altars:
Elyvilon
Fedhas
Kikubaaqudgha
Uskayaw


Innate Abilities, Weirdness & Mutations

You have very sharp fingernails.
You are mostly covered in slimy green scales. (AC +3)
A weak demonic guardian rushes to your aid.
You regenerate a little health from kills.


Message History

Your ufetubus disappears in a puff of smoke!
You see here a +0 war axe.
Items here: ))))) [[[[[.
The orc warrior hits you from afar with a +0 spear!
* * * LOW HITPOINT WARNING * * *
The orc knight hits you from afar with a +0 halberd!
* * * LOW HITPOINT WARNING * * *
A demonic guardian appears!
The orc warrior no longer looks unusually strong.
An orc warrior comes into view. It is wielding a +0 trident.
Your white imp gestures at the orc knight.
The puff of frost hits the orc knight!
Okay, then.
The orc knight barely misses your white imp.
The orc warrior hits you with a +0 spear.
* * * LOW HITPOINT WARNING * * *
Your white imp misses the orc knight.
The orc knight roars a battlecry!
The orc warrior goes into a battle-frenzy!
The orc warrior hits you from afar with a +0 spear.
* * * LOW HITPOINT WARNING * * *
Your white imp hits the orc knight but does no damage.
The orc knight hits your white imp with a +0 halberd!!
Your white imp dies!
Your white imp disappears in a puff of smoke!
The orc warrior hits you from afar with a +0 spear!
* * * LOW HITPOINT WARNING * * *
The orc warrior barely misses you.
Items here: ))) [.
The orc knight hits you but does no damage.
The orc warrior jeers noisily.
Items here: ))) [[ ÷.
Things that are here:
a +0 glaive; a +0 ring mail It was a potion of brilliance.
You feel clever all of a sudden. The orc warrior barely misses you.
Unknown command.
The orc knight hits you from afar with a +0 halberd!
You die...

###'###
##.....##
#.......#
#.......#
#.)o....#
#o)#.#))#
#o##8##)#
#))#.#..#
#..@....#
#.......#
#∩.....∩#
#.......#
##..∩..##
#######


You could see an orc knight and an orc warrior (strong).

Vanquished Creatures
  Sigmund (D:5)
  2 ice beasts (D:5)
  2 sky beasts
  6 orc warriors (Bailey)
  3 ogres
  2 bullfrogs
  A water moccasin skeleton (D:6)
  4 howler monkeys
  A centaur zombie (D:5)
  4 bullfrog zombies
  An orc priest (D:6)
  3 iguanas
  8 orc wizards
  A killer bee zombie (D:6)
  8 adders
  2 white imps (D:5)
  A worm (D:2)
  33 orcs
  3 ball pythons
  3 bats
  4 endoplasms
  2 giant cockroaches
  6 goblins
  A hobgoblin (D:3)
  6 jackals
  3 kobolds
  4 quokkas
  5 frilled lizards
  5 rats
125 creatures vanquished.

Vanquished Creatures (collateral kills)
  A hound (D:6)
1 creature vanquished.

Vanquished Creatures (others)
  A plant (D:1)
1 creature vanquished.

Grand Total: 127 creatures vanquished

Notes
Turn   | Place    | Note
-------+----------+-------------------------------------------
     0 | D:1      | McKennaii the Demonspawn Fighter began the quest for the
                  | Orb.
     0 | D:1      | Reached XP level 1. HP: 18/18 MP: 1/1
   500 | D:1      | Gained mutation: You have sharp fingernails. [demonic
                  | ancestry]
   500 | D:1      | Reached XP level 2. HP: 24/24 MP: 2/2
   734 | D:1      | You fall into a shaft and drop 1 floor!
   828 | D:2      | Gained mutation: You have very sharp fingernails. [demonic
                  | ancestry]
   828 | D:2      | Reached XP level 3. HP: 11/29 MP: 3/3
  1276 | D:2      | Found a faded altar of an unknown god.
  1399 | D:2      | Identified the +6 scale mail of Intercession {Regen+ Str+5
                  | Dex-4}
  2724 | D:3      | Gained mutation: A weak demonic guardian rushes to your
                  | aid. [demonic ancestry]
  2724 | D:3      | Reached XP level 4. HP: 35/35 MP: 4/4
  3037 | D:4      | Noticed a bullfrog
  3046 | D:4      | Killed a bullfrog
  3047 | D:4      | Gained mutation: You are partially covered in slimy green
                  | scales. (AC +2) [demonic ancestry]
  3047 | D:4      | Reached XP level 5. HP: 40/42 MP: 2/5
  3300 | D:4      | Noticed an ogre
  3312 | D:4      | Killed an ogre
  3313 | D:4      | Reached XP level 6. HP: 20/49 MP: 1/6
  3878 | D:4      | Found a blossoming altar of Fedhas.
  3900 | D:5      | Entered Level 5 of the Dungeon
  3909 | D:5      | Noticed Sigmund
  3916 | D:5      | Noticed an ice beast
  3953 | D:5      | Killed Sigmund
  3954 | D:5      | Gained mutation: You are mostly covered in slimy green
                  | scales. (AC +3) [demonic ancestry]
  3954 | D:5      | Reached XP level 7. HP: 42/55 MP: 5/7
  3974 | D:5      | Reached skill level 5 in Fighting
  4125 | D:5      | Reached skill level 5 in Shields
  4148 | D:5      | Gained mutation: You regenerate a little health from kills.
                  | [demonic ancestry]
  4148 | D:5      | Reached XP level 8. HP: 63/63 MP: 8/8
  4184 | D:5      | Reached skill level 5 in Armour
  4871 | D:6      | Reached skill level 5 in Polearms
  5248 | D:6      | Found a faded altar of an unknown god.
  5248 | D:6      | Found a hide-covered altar of Uskayaw.
  5257 | D:6      | Found an ancient bone altar of Kikubaaqudgha.
  5259 | D:6      | Found a faded altar of an unknown god.
  5712 | D:7      | Found a flagged portal.
  5727 | Bailey   | Entered a bailey
  5847 | Bailey   | Reached XP level 9. HP: 51/71 MP: 5/9
  6117 | Bailey   | Noticed an orc knight
  6117 | Bailey   | Noticed an orc knight
  6222 | Bailey   | Noticed an orc knight
  6369 | Bailey   | HP: 1/71 [orc warrior/+0 spear (6)]
  6374 | Bailey   | Slain by an orc knight

Illustrated notes

Levels and vault maps discovered:
D:1:      dpeg_arrival_windows_large_door, layout_loops_ring, serial_forest,
          infiniplex_forest_lined_4_way, infiniplex_forest_corner_1,
          infiniplex_forest_lined_3_way, infiniplex_forest_lined_corner,
          infiniplex_forest_end_3, infiniplex_forest_fountain,
          infiniplex_forest_clump_large
D:2:      minmay_inner_zag, layout_basic, nicolae_ecumenical_pavilion,
          minmay_statues_item
D:3:      layout_rooms
D:4:      layout_basic, fedhas_altar_4
D:5:      layout_loops_ring, uniq_sigmund
D:6:      layout_gridville, chequers_temple_overflow_minitemple
D:7:      layout_loops_ring, minmay_temple_entry_enclosed_plants, serial_shops,
          nicolae_shop_temple_entry_statues_fountains, enter_bailey_3,
          gammafunk_ghost_cemetery
Bailey:   bailey_polearm_5, bailey

Skill      XL: |  1  2  3  4  5  6  7  8 |
---------------+-------------------------+-----
Polearms       | 2 3 4 5 |  5.9
Armour         | 3 4 6 |  6.2
Shields        | 3 4 5 6 |  6.2
Fighting       | 4 5 6 |  6.9

Action                   |  1- 3 |  4- 6 |  7- 9 || total
-------------------------+-------+-------+-------++-------
Melee: Trident           |   142 |       |       ||   142
       Spear             |     1 |   157 |   463 ||   621
  Use: Potion            |       |       |     1 ||     1
 Stab: Distracted        |       |       |     1 ||     1
Armor: Scale mail        |    70 |    78 |   189 ||   337
Dodge: Dodged            |    52 |    50 |   125 ||   227
Block: Buckler           |    25 |    17 |    77 ||   119
